 Dungeon Crawl Stone Soup version 0.29.1-1-gd02db6906a (webtiles) character file.

Game seed: 7485010238046529301

46 Icepheonix32 the Insei (level 3, -1/39 HPs)
             Began as a Merfolk Transmuter on Oct 5, 2022.
             Slain by a gnoll
             ... wielding a +0 flail
              (4 damage)
             ... on level 2 of the Dungeon.
             The game lasted 00:01:29 (1016 turns).

Icepheonix32 the Insei (Merfolk Transmuter)         Turns: 1016, Time: 00:01:30

Health: -1/39      AC: 21    Str: 10    XL:     3   Next: 68%
Magic:  6/6        EV:  2    Int: 14    God:
Gold:   16         SH:  0    Dex: 14    Spells: 5/6 levels left

rFire   . . .      SeeInvis .   e - +0 mace
rCold   . . .      Faith    .   (no shield)
rNeg    . . .      Spirit   .   (body armour currently unavailable)
rPois   +          Reflect  .   (helmet currently unavailable)
rElec   .          Harm     .   (cloak currently unavailable)
rCorr   .          Rampage  .   (gloves currently unavailable)
Will    .....      NoTele   +   (boots currently unavailable)
Stlth   +.........              (no amulet)
HPRegen 0.13/turn               c - ring of wizardry
MPRegen 0.10/turn               (no ring)

@: tree-form (expiring), studying Polearms
A: stationary, stasis, torment immunity, boosted hp, (nimble swimmer 2),
(mertail)
a: no special abilities


You were on level 2 of the Dungeon.
You were a tree.
You visited 1 branch of the dungeon, and saw 2 of its levels.

You collected 16 gold pieces.

Inventory:

Hand Weapons
 e - a +0 mace (weapon)
Armour
 a - a +0 robe (melded)
Jewellery
 c - a ring of wizardry (left branch)


   Skills:
 + Level 1.2 Fighting
 + Level 0.1 Maces & Flails
 + Level 3.6 Dodging
 + Level 3.8 Unarmed Combat
 + Level 2.3 Spellcasting
 * Level 3.3 Transmutations


You had 5 spell levels left.
You knew the following spells:

 Your Spells              Type           Power      Damage    Failure   Level
a - Beastly Appendage     Tmut           20%        N/A       2%          1

Your spell library contained the following spells:

 Spells                   Type           Power      Damage    Failure   Level
 Wereblood                Tmut           10%        N/A       3%          2
 Spider Form              Tmut/Pois      6%         N/A       14%         3
 Ice Form                 Ice/Tmut       6%         N/A       41%         4


Dungeon Overview and Level Annotations

Branches:
Dungeon (2/15)

Altars:


Innate Abilities, Weirdness & Mutations

You are a tree.
Your roots penetrate the ground, keeping you stationary.
You cannot be teleported.
You are immune to unholy pain and torment.
Your maximum health is greatly increased.
Your equipment is partially melded.
((You are very nimble when in or above water. (Stealth+, EV+, Speed+++)))
((Your lower body shifts to a powerful aquatic tail in water.))


Message History

You closely miss the gnoll.
The gnoll hits you but does no damage. x2
You closely miss the gnoll. The gnoll hits you but does no damage.
The gnoll hits you with a +0 club.
You hit the gnoll.
The gnoll is lightly wounded.
The gnoll hits you with a +0 club.
The gnoll hits you from afar with a +0 spear.
The gnoll hits you with a +0 club.
* * * LOW HITPOINT WARNING * * *
The gnoll hits you but does no damage.
You barely miss the gnoll.
The gnoll is lightly wounded.
The gnoll hits you but does no damage. x2
You barely miss the gnoll.
The gnoll is lightly wounded.
The gnoll hits you but does no damage. x3; The gnoll hits you with a +0 club.
* * * LOW HITPOINT WARNING * * *
Unknown command.
You hit the gnoll.
The gnoll is severely wounded.
The gnoll hits you but does no damage.
The gnoll hits you from afar with a +0 spear.
* * * LOW HITPOINT WARNING * * *
You hit the gnoll.
The gnoll is severely wounded.
The gnoll hits you but does no damage.
The gnoll hits you from afar with a +0 spear.
* * * LOW HITPOINT WARNING * * *
Unknown command.
You hit the gnoll.
You kill the gnoll!
The gnoll hits you but does no damage. x3
Unknown command.
You hit the gnoll.
The gnoll is moderately wounded.
Your transformation is almost over.
The gnoll hits you from afar with a +0 spear.
* * * LOW HITPOINT WARNING * * *
The gnoll hits you with a +0 flail.
You die...

#############.# #.# ##.##
##.#.## ######## ##.###.##
# .......# #.## ##.# ..#
........###.###.######...#
.......#.###.#.###........
.......#.# #....♣gg)......
.......#.###..####........
........#.....†..###.#...#
.......##..#..#..# .# ..#
......†.......#..# .# #
.####.###..#..#..# .#
...##............###.##.##.
.#.##..##..........#.......
...>...##..#######..#


You could see 2 gnolls.

Vanquished Creatures
  2 gnolls (D:2)
  An adder (D:2)
  3 ball pythons
  3 giant cockroaches
  2 goblins
  3 hobgoblins (D:1)
  2 bats
  A frilled lizard (D:1)
  A kobold (D:1)
  A rat (D:2)
19 creatures vanquished.

Notes
Turn   | Place    | Note
-------+----------+-------------------------------------------
     0 | D:1      | Icepheonix32 the Merfolk Transmuter began the quest for the
                  | Orb.
     0 | D:1      | Reached XP level 1. HP: 15/15 MP: 3/3
   351 | D:1      | Reached XP level 2. HP: 14/21 MP: 3/5
   614 | D:1      | You fall into a shaft and drop 1 floor!
   832 | D:2      | Reached XP level 3. HP: 22/26 MP: 4/6
  1016 | D:2      | Slain by a gnoll

Illustrated notes

Levels and vault maps discovered:
D:1:      tarquinn_simple_flora_water_e, layout_basic,
          hellmonk_ecumenical_altar_heavens_door
D:2:      cheibrodos_pilgrimage, layout_loops_cross, minmay_misc_feat_rugged

Skill      XL: |  1  2 |
---------------+-------+-----
Dodging        | 3 |  3.6
Transmutations | 3 |  3.3
Fighting       | |  1.2
Maces & Flails | |  0.1
Unarmed Combat | |  3.8
Spellcasting   | |  2.3

Action                   || total
-------------------------++-------
Melee: Unarmed           ||    51
       Headbutt          ||     6
       Punch             ||     4
       Mace              ||    26
 Cast: Beastly Appendage ||    13
  Use: Scroll            ||     1
       Potion            ||     1
Armor: Robe              ||    12
       Skin              ||    44
Dodge: Dodged            ||    42
